AoeStats
← IdliDosa

African Clearing

506634936Analyzed
4v4 RM · 17d ago on Sep 14, 2026· 19m 41s· 8 players
Game mode
Random Map
Map size
Large (8 player)
Population
200
Speed
Normal
Resources
Standard
Victory
Conquest
Starting age
Dark Age
Ending age
Imperial Age
RankedLock teamsTeams togetherTeam positionsShared explorationLock speedFull tech treeHidden civsTurbo modeCheats
Victory
Defeat
🇨🇳 Koreans · China
1230
+12
🇮🇳 Japanese · India
1216
+12
🇸🇪 Celts · Sweden
1180
+14
🇨🇦 Huns · Canada
1134
+16
🇯🇵 Poles · Japan
1148
-14
🇨🇳 Magyars · China
1136
-14
🇭🇰 Huns · Hong Kong SAR China
1122
-13
🇨🇳 Spanish · China
1117
-13
Fujiwara
6:26 Loom
15:21 Feudal Age
19:35 Scale Barding Armor
19:41 Forging
19:46 Bloodlines
Myth
4:22 Loom
12:39 Feudal Age
13:22 Double-Bit Axe
15:18 Forging
16:10 Wheelbarrow
17:08 Scale Barding Armor
涛哥
12:40 Loom
15:17 Feudal Age
21:35 Castle Age
✿.和泉妃爱އ
8:27 Loom
13:53 Feudal Age
17:22 Castle Age
15:11 Horse Collar
IdliDosa
4:26 Loom
13:39 Feudal Age
13:55 Man-at-Arms
15:21 Double-Bit Axe
16:38 Fletching
18:46 Horse Collar
Wolfie
12:47 Loom
14:57 Feudal Age
20:13 Castle Age
19:45 Double-Bit Axe
p0psicle
6:28 Loom
12:07 Feudal Age
13:03 Double-Bit Axe
15:27 Gold Mining
19:28 Castle Age
19:37 Fletching
Eleangt
2:53 Loom
14:29 Feudal Age
18:31 Castle Age
16:33 Fletching
16:37 Double-Bit Axe
17:24 Fletching
19:41 Bodkin Arrow
Connection lost

Rejoining the realm…

Still unreachable

The connection could not be restored.

Session expired

The server has moved on; the page needs a fresh start.